AoeStats
← viwa

Arena

506892643Analyzed
1v1 RM · 17d ago on Sep 15, 2026· 52m 8s· 2 players
Game mode
Random Map
Map size
Tiny (2 player)
Population
200
Speed
Normal
Resources
Standard
Victory
Conquest
Starting age
Dark Age
Ending age
Imperial Age
RankedLock teamsTeams togetherTeam positionsShared explorationLock speedFull tech treeHidden civsTurbo modeCheats
Victory
Defeat
🇸🇪 Portuguese · Sweden
1015
+17
🇷🇺 Poles · Russia
1047
-17
viwa
11:56 Feudal Age
15:42 Castle Age
13:31 Loom
16:05 Castle Age
22:35 Town Watch
24:56 Double-Bit Axe
24:52 Horse Collar
27:47 Wheelbarrow
28:29 Bow Saw
28:21 Heavy Plow
32:44 Imperial Age
31:12 Hand Cart
31:25 Ballistics
30:58 Fletching
31:19 Gold Mining
31:22 Stone Mining
32:02 Bodkin Arrow
34:27 Chemistry
33:38 Masonry
33:57 Conscription
35:21 Two-Man Saw
34:53 Crop Rotation
34:59 Stone Shaft Mining
34:33 Devotion
35:37 Town Patrol
37:06 Arquebus
37:20 Elite Organ Gun
45:57 Theocracy
48:15 Murder Holes
48:51 Architecture
RusEKB66
8:03 Loom
10:22 Feudal Age
11:59 Double-Bit Axe
12:23 Horse Collar
20:45 Castle Age
20:42 Gold Mining
21:18 Pikeman
22:44 Bow Saw
23:15 Forging
23:05 Scale Mail Armor
23:15 Heavy Plow
23:29 Stone Mining
27:52 Wheelbarrow
28:09 Stone Shaft Mining
29:36 Iron Casting
29:16 Chain Mail Armor
29:04 Squires
30:00 Hand Cart
32:42 Ballistics
35:02 Imperial Age
32:41 Szlachta Privileges
33:39 Murder Holes
33:53 Treadmill Crane
34:31 Fletching
35:24 Bodkin Arrow
35:11 Onager
36:23 Conscription
37:26 Blast Furnace
36:31 Scale Barding Armor
37:12 Bloodlines
37:03 Husbandry
37:00 Cavalier
37:37 Town Watch
37:17 Light Cavalry
38:43 Crop Rotation
39:27 Chain Barding Armor
39:12 Winged Hussar
40:12 Bracer
40:50 Lechitic Legacy
40:52 Town Patrol
42:35 Siege Engineers
Connection lost

Rejoining the realm…

Still unreachable

The connection could not be restored.

Session expired

The server has moved on; the page needs a fresh start.